 Dungeon Crawl Stone Soup version 0.29.1-15-g9cfb28693d (webtiles) character file.

Game seed: 148480035163683564

789 Gustavia the Trooper (level 7, 0/72 HPs)
             Began as an Ogre Gladiator on Mar 24, 2023.
             Was an Initiate of Cheibriados.
             Slain by an orc warrior
             ... wielding a +0 mace
              (9 damage)
             ... on level 5 of the Dungeon.
             The game lasted 00:14:07 (5701 turns).

Gustavia the Trooper (Ogre Gladiator)               Turns: 5701, Time: 00:14:08

Health: 0/72       AC:  3    Str: 22    XL:     7   Next: 87%
Magic:  7/7        EV: 11    Int: 10    God:    Cheibriados [......]
Gold:   116        SH:  0    Dex: 11    Spells: 6/6 levels left

rFire   . . .      SeeInvis .   r - +0 giant spiked club
rCold   + . .      Faith    .   (shield currently unavailable)
rNeg    . . .      Spirit   .   b - +0 robe
rPois   +          Reflect  .   c - +0 hat
rElec   .          Harm     .   (no cloak)
rCorr   .          Rampage  .   (gloves unavailable)
Will    .....                   (boots unavailable)
Stlth   ++........              (no amulet)
HPRegen 0.22/turn               p - ring of protection from cold
MPRegen 0.10/turn               q - ring of poison resistance

@: slow
A: large, unfitting armour, tough skin 1
a: Renounce Religion


You were on level 5 of the Dungeon.
You worshipped Cheibriados.
Cheibriados was noncommittal.
You visited 2 branches of the dungeon, and saw 6 of its levels.

You collected 116 gold pieces.

Inventory:

Hand Weapons
 f - the +7 Throatcutter {drain, coup de grace}
   (You found it on level 3 of the Dungeon)

   A truly terrible weapon, it drains the life of any living foe it strikes.
   It may instantly kill foes which have little health.
 r - a +0 giant spiked club (weapon)
Missiles
 d - 3 throwing nets (quivered)
 e - a large rock
Armour
 b - a +0 robe (worn)
 c - a +0 hat (worn)
Jewellery
 o - an amulet of magic regeneration
 p - a ring of protection from cold (left hand)
 q - a ring of poison resistance (right hand)
Scrolls
 g - a scroll of blinking
 h - 3 scrolls of teleportation
 i - a scroll of poison
 l - a scroll of amnesia {unknown}
 m - a scroll of vulnerability {unknown}
 s - a scroll of magic mapping {unknown}
 v - a scroll of enchant weapon {unknown}
Potions
 a - a potion of attraction {unknown}
 j - a potion of magic {unknown}
 k - a potion of invisibility
 n - 3 potions of brilliance {unknown}
 t - a potion of degeneration {unknown}
 u - a potion of mutation {unknown}


   Skills:
 + Level 5.0 Fighting
 + Level 3.8 Long Blades
 + Level 4.7 Maces & Flails
 + Level 2.0 Throwing
 + Level 4.5 Dodging
 + Level 1.7 Stealth


You had 6 spell levels left.
You didn't know any spells.
Your spell library contained the following spells:

 Spells                   Type           Power      Damage    Failure   Level
 Ignite Poison            Fire/Tmut/Pois 0%         N/A       75%         3
 Mephitic Cloud           Conj/Pois/Air  0%         N/A       75%         3
 Summon Guardian Golem    Hex/Summ       0%         N/A       75%         3
 Freezing Cloud           Conj/Ice/Air   0%         6-21      100%        5
 Orb of Destruction       Conj           0%         9d5       100%        7
 Spellforged Servitor     Conj/Summ      0%         N/A       100%        7


Dungeon Overview and Level Annotations

Branches:
Dungeon (5/15)             Temple (1/1) D:5

Altars:
Ashenzari
Cheibriados
Dithmenos
Elyvilon
Fedhas
Kikubaaqudgha
Nemelex Xobeh
Okawaru
Sif Muna
Trog
Uskayaw
Vehumet
Wu Jian
Yredelemnul
Zin
The Shining One

Shops:
D:1 :


Innate Abilities, Weirdness & Mutations

You are too large for most types of armour.
You have tough skin. (AC +1)


Message History

The water moccasin is severely wounded.
The water moccasin closely misses you.
The water moccasin completely misses you.
You barely miss the water moccasin.
The water moccasin is severely wounded.
The water moccasin bites you but does no damage.
The water moccasin barely misses you.
You thump the water moccasin!
You kill the water moccasin!
Cheibriados appreciates the change of pace.
Your Fighting skill increases to level 5!
You start resting.
HP restored.
An orc warrior, an orc wizard and 2 orcs come into view.
Found 8 stones.
An orc comes into view. It is wielding a +0 whip.
The orc shouts!
The orc wizard shouts!
The orc shouts!
You see here a potion of heal wounds.
The orc wizard casts a spell.
The orc wizard flickers and vanishes!
Deactivating autopickup; reactivate with Ctrl-A.
The orc warrior shouts!
You hit the orc warrior but do no damage.
The orc warrior hits you with a +0 mace.
The orc warrior barely misses you.
You hit the orc warrior.
The orc warrior is lightly wounded.
The orc warrior hits you with a +0 mace!
You puncture the orc warrior!
The orc warrior is heavily wounded.
The orc warrior hits you with a +0 mace! x2
You closely miss the orc warrior.
The orc warrior is heavily wounded.
The orc warrior hits you with a +0 mace!
Okay, then.
The orc warrior attacks as you move away!
The orc warrior hits you with a +0 mace!
* * * LOW HITPOINT WARNING * * *
The orc warrior hits you with a +0 mace!
You die...

####.####
####.##.##....##
###.###
#.##.##...##
#.....#
#.##......#
#.#.#.#####
#.##.##.#.#
#.#.......#
#.##.##.#.# #
###.###.#
#...#.....#####
#.# #.# ####
###......# ..#
#.#####o..#
####†. ####
#.@o.{oo..#
#....#
#######(..#
#.##.# ##.#.##.#
#.....(#
##...... #..###.
#..###. #. ..#.
# #.#.


You could see an orc warrior and 3 orcs.

Vanquished Creatures
  A water moccasin (D:5)
  A black bear (D:5)
  An ogre (D:5)
  A centaur (D:5)
  A phantom (D:4)
  A kobold brigand (D:3)
  A scorpion (D:5)
  Jessica (D:3)
  3 iguanas
  An orc wizard (D:4)
  Robin (D:3)
  A dart slug (D:3)
  6 orcs (D:4)
  6 ball pythons
  7 endoplasms
  4 giant cockroaches
  15 goblins
  5 hobgoblins
  11 jackals
  13 kobolds
  8 quokkas
  A bat (D:1)
  2 frilled lizards
  A kobold zombie (D:3)
  7 rats
100 creatures vanquished.

Notes
Turn   | Place    | Note
-------+----------+-------------------------------------------
     0 | D:1      | Gustavia the Ogre Gladiator began the quest for the Orb.
     0 | D:1      | Reached XP level 1. HP: 22/22 MP: 1/1
   133 | D:1      | Reached XP level 2. HP: 29/29 MP: 2/2
   256 | D:1      | Reached skill level 3 in Fighting
   303 | D:1      | Found Orhuoket's Book Shoppe.
   479 | D:1      | Reached XP level 3. HP: 30/37 MP: 3/3
   535 | D:1      | Found a faded altar of an unknown god.
  1954 | D:3      | Identified the +3 ring mail of Goarroho {+Blink rF- Slay+5
                  | SInv}
  2060 | D:3      | Found the +7 Throatcutter {drain, coup de grace}
  2060 | D:3      | Noticed a kobold brigand
  2096 | D:3      | Killed a kobold brigand
  2097 | D:3      | Reached XP level 4. HP: 14/45 MP: 4/4
  2099 | D:3      | Reached XP level 5. HP: 17/53 MP: 5/5
  2492 | D:3      | Found a broken altar of Ashenzari.
  2519 | D:3      | Noticed Robin
  2521 | D:3      | Killed Robin
  2640 | D:3      | Found a runed translucent door.
  2641 | D:3      | Noticed a human
  2644 | D:3      | Found a basalt altar of Yredelemnul.
  2939 | D:3      | Noticed Jessica
  2946 | D:3      | Killed Jessica
  3553 | D:4      | Found an ancient bone altar of Kikubaaqudgha.
  3629 | D:4      | Reached skill level 1 in Long Blades
  3662 | D:4      | Reached XP level 6. HP: 44/62 MP: 6/6
  3669 | D:4      | Reached skill level 1 in Stealth
  3990 | D:4      | Reached skill level 4 in Fighting
  4214 | D:4      | Found a glowing silver altar of Zin.
  4240 | D:4      | Found a hide-covered altar of Uskayaw.
  4248 | D:4      | Found a radiant altar of Vehumet.
  4251 | D:4      | Found a glowing golden altar of the Shining One.
  4620 | D:5      | Entered Level 5 of the Dungeon
  4630 | D:5      | Found a staircase to the Ecumenical Temple.
  4823 | D:5      | Reached XP level 7. HP: 37/71 MP: 7/7
  5117 | Temple   | Entered the Ecumenical Temple
  5296 | Temple   | Became a worshipper of Cheibriados the Contemplative
  5643 | D:5      | Reached skill level 5 in Fighting
  5701 | D:5      | Slain by an orc warrior

Illustrated notes

Levels and vault maps discovered:
D:1:      mainiacjoe_arrival_reflecting_pool, layout_loops_ring, serial_shops,
          shop_fountains, shapermc_ecumenical_altar_starsandcircs
D:2:      layout_basic
D:3:      layout_loops_corners, ashenzari_altar_1, dk_yredelemnul_ordeal,
          dilly_guarded_unrand_throatcut, uniq_robin, uniq_jessica
D:4:      layout_cave_pods, kennysheep_mini_moat, lemuel_crystal_altar,
          nicolae_overflow_hidden_temple, mainiacjoe_overflow_boulevard
D:5:      layout_loops_cross, minmay_temple_entry_statues_fountains
Temple:   chequers_temple_sunken

Skill      XL: |  1  2  3  4  5  6  7 |
---------------+----------------------+-----
Maces & Flails | 3 4 |  4.7
Fighting       | 3 4 5 |  5.0
Dodging        | 3 4 |  4.5
Long Blades    | 1 2 3 |  3.8
Stealth        | 1 |  1.7
Throwing       | |  2.0

Action                   |  1- 3 |  4- 6 |  7- 9 || total
-------------------------+-------+-------+-------++-------
Melee: Flail             |   126 |    11 |       ||   137
       Punch             |     2 |       |       ||     2
       Long sword        |       |    89 |     3 ||    92
       Giant spiked club |       |       |    17 ||    17
  Use: Scroll            |     2 |     2 |       ||     4
       Potion            |     3 |       |       ||     3
 Stab: Invisible         |       |     2 |       ||     2
Armor: Robe              |    33 |    22 |     5 ||    60
Dodge: Dodged            |    62 |    61 |    19 ||   142
